 Dungeon Crawl Stone Soup version 0.26.0-10-g1f06aea511 (webtiles) character file.

Game seed: 15733620584794593992

22663 night the Frost Mage (level 12, -1/97 HPs)
             Began as a White Draconian Ice Elementalist on Jan 22, 2021.
             Was an Elder of Sif Muna.
             Killed from afar by a rime drake (19 damage)
             ... with a flash freeze
             ... on level 4 of the Lair of Beasts.
             The game lasted 00:52:13 (17711 turns).

night the Frost Mage (DrIE)                        Turns: 17711, Time: 00:52:14

Health: -1/97      AC: 11    Str: 16    XL:     12   Next: 65%
Magic:  33/35      EV: 14    Int: 20    God:    Sif Muna [****..]
Gold:   878        SH:  0    Dex: 13    Spells: 14/31 levels left

rFire    . . .     SeeInvis .     - Unarmed
rCold    + . .     Faith    .   (no shield)
rNeg     . . .     Spirit   .   (armour unavailable)
rPois    .         Reflect  .   (helmet restricted)
rElec    .         Harm     .   x - +1 cloak
rCorr    .         Rampage  .   N - +0 pair of gloves
Will     .....                  (no boots)
Stlth    ++........             m - amulet "Kamil" {RegenMP Str+6}
HPRegen  0.26/turn              F - ring of magical power
MPRegen  0.49/turn              O - ring of wizardry

@: no status effects
A: breathe frost, unfitting armour, cold resistance 1, cold-blooded, AC +8
a: Breathe Frost, Renounce Religion, Channel Magic, Forget Spell, Divine
Exegesis


You were on level 4 of the Lair of Beasts.
You worshipped Sif Muna.
Sif Muna was greatly pleased with you.
You visited 3 branches of the dungeon, and saw 15 of its levels.
You also visited: Gauntlet.

You collected 878 gold pieces.

Inventory:

Hand Weapons
 k - a +3 dagger of holy wrath
 v - a +0 vorpal mace
 K - the +6 whip of Tucosi {flame, rN+ Stlth+}
   (You found it on level 2 of the Lair of Beasts)

   It has been specially enchanted to burn those struck by it, causing extra
   injury to most foes and up to half again as much damage against particularly
   susceptible opponents.
   It protects you from negative energy.
   It makes you more stealthy.
 R - a +3 vorpal fustibalus
Missiles
 f - 16 poisoned darts (quivered)
 w - 3 atropa-tipped darts
 D - 4 throwing nets
 J - 6 curare-tipped darts
 S - 15 silver javelins
Armour
 p - the +2 hat of the Cockroach {Int+3 Dex+2, unknown}
   (You found it in a Gauntlet)

   It affects your intelligence (+3).
   It affects your dexterity (+2).
 x - a +1 cloak (worn)
 N - a +0 pair of gloves (worn)
Jewellery
 c - an uncursed ring of resist corrosion
 g - an uncursed ring of ice
 j - a +6 ring of dexterity
 l - the ring of Biaff {*Drain Str+4 Dex+5 Slay+6 Stlth+}
   (You took it off a minotaur in a Gauntlet)

   [ring of stealth]

   It affects your strength (+4).
   It affects your dexterity (+5).
   It affects your accuracy and damage with ranged weapons and melee attacks
   (+6).
   It causes draining when unequipped.
   It makes you more stealthy.
 m - the amulet "Kamil" (around neck) {RegenMP Str+6}
   (You found it on level 2 of the Lair of Beasts)

   [amulet of magic regeneration]

   It increases your magic regeneration.
   It affects your strength (+6).
 F - a ring of magical power (left hand)
 H - an uncursed ring of protection from fire
 O - a ring of wizardry (right hand)
 P - the ring of No Interval {+Fly rC+, unknown}
   (You found it in a Gauntlet)

   [ring of protection from cold]

   It protects you from cold.
   It lets you fly.
Wands
 n - a wand of iceblast (18)
 r - a wand of flame (30)
 A - a wand of random effects (30)
 B - a wand of acid (1)
Scrolls
 d - 2 scrolls of magic mapping
 h - 11 scrolls of teleportation
 o - 5 scrolls of remove curse
 q - a scroll of identify
 u - 5 scrolls of amnesia
 y - 3 scrolls of immolation
 z - 2 scrolls of fog
 C - a scroll of blinking {unknown}
 E - 3 scrolls of enchant armour
 I - a scroll of noise {unknown}
Potions
 a - 4 potions of curing
 b - 3 potions of attraction
 e - 3 potions of mutation
 i - a potion of haste
 s - 5 potions of might
 t - 3 potions of flight
 L - 2 potions of lignification
 Q - a potion of magic {unknown}
Miscellaneous
 G - a condenser vane (inert)
 T - a phantom mirror


   Skills:
 - Level 6.9 Fighting
 - Level 4.6 Dodging
 - Level 1.7 Stealth
 - Level 10.0 Unarmed Combat
 + Level 10.3 Spellcasting
 + Level 5.0 Transmutations
 + Level 12.9 Ice Magic
 + Level 5.0 Earth Magic
 - Level 4.5 Invocations


You had 14 spell levels left.
You knew the following spells:

 Your Spells              Type           Power        Failure   Level
a - Freeze                Ice            100%         1%          1
b - Frozen Ramparts       Ice            100%         1%          3
c - Ozocubu's Armour      Ice            58%          1%          3
d - Summon Ice Beast      Ice/Summ       36%          1%          4
e - Statue Form           Tmut/Erth      20%          45%         6

Your spell library contained the following spells:

 Spells                   Type           Power        Failure   Level
 Hailstorm                Conj/Ice       36%          1%          4
 Ice Form                 Ice/Tmut       46%          1%          4
 Foxfire                  Conj/Fire      40%          2%          1
 Summon Small Mammal      Summ           40%          2%          1
 Irradiate                Conj/Tmut      10%          26%         5
 Simulacrum               Ice/Necr       18%          28%         6
 Hydra Form               Tmut           15%          45%         6
 Summon Demon             Summ           5%           56%         5
 Dragon Form              Tmut           15%          94%         7
 Shadow Creatures         Summ           N/A          98%         6
 Ignition                 Fire           5%           100%        8
 Absolute Zero            Ice            29%          100%        9


Dungeon Overview and Level Annotations

Branches:
Dungeon (10/15)            Temple (1/1) D:4            Lair (4/6) D:8
 Shoals (0/4) Lair:4      Gauntlet (visited)
  Snake: Lair:2-4    Spider: Lair:2-4       Orc: D:9-12

Altars:
Ashenzari
Cheibriados
Dithmenos
Elyvilon
Fedhas
Gozag
Hepliaklqana
Kikubaaqudgha
Makhleb
Nemelex Xobeh
Okawaru
Qazlal
Ru
Sif Muna
Trog
Uskayaw
Vehumet
Wu Jian
Xom
Yredelemnul
Zin
The Shining One

Shops:
D:9 (:((=

Portals:
Trove: D:10 (give horn of Geryon)

Annotations:
D:6 2 runed translucent doors, Dracia's ghost, novice DsGl


Innate Abilities, Weirdness & Mutations

You can breathe waves of freezing cold.
You can buffet flying creatures when you breathe cold.
Your icy white scales are hard. (AC +8)
You cannot fit into any form of body armour.
Your flesh is cold resistant. (rC+)
You are cold-blooded and may be slowed by cold attacks.


Message History

The rime drake bites you.
Casting: Frozen Ramparts (safe; 1% risk of failure)
Confirm with . or Enter, or press ? or * to list all spells.
Casting: Frozen Ramparts (safe; 1% risk of failure)
Press: ? - help, Dir - look around, f - activate The walls around you are covered in ice.
The wall freezes the merfolk!
The merfolk hits you from afar with a +0 trident!
* * * LOW HITPOINT WARNING * * *
The rime drake resists.
The wall freezes the rime drake.
The rime drake bites you.
* * * LOW HITPOINT WARNING * * *
Your frozen ramparts will break if you move.
Continue?
Okay, then.
Your frozen ramparts will break if you move.
Continue?
The frozen ramparts melt away as you move.
The ice encasing you melts away. The rime drake breathes ice at you.
The flash freeze hits you!! You partially resist.
You die...

. ## .. P#... #+#.###....P#
........ #...........#.
..♣....♣♣ #....# ...... ##
.....P..♣##....# ....#
P.#♣♣........###@.###....#
P................###....?###
........≈.....##k###........
......P..........m....(.....
...........P.................
..........P..<................
.....♣........................
...........................P.
...##.##...................#


You could see a merfolk and a rime drake (catching breath).

Vanquished Creatures
  A minotaur (Gauntlet)
  Harold (D:7)
  2 hydras (Lair:2)
  A two-headed ogre (D:10)
  Sonja (Lair:3)
  Pikel (D:8)
  A merfolk siren (Lair:4)
  A centaur zombie (D:10)
  2 black mambas (Lair:2)
  7 cane toads
  2 komodo dragons
  A rime drake (Lair:4)
  2 merfolk (Lair:4)
  Grinder (D:3)
  12 blink frogs
  2 shadows (Gauntlet)
  A wyvern (Lair:3)
  16 yaks
  A steam dragon (Lair:3)
  3 swamp worms (Gauntlet)
  Duvessa (D:6)
  An orc warrior (D:7)
  8 water moccasins
  4 ice beasts
  3 black bears
  6 ogres
  3 phantoms
  2 wolves (D:10)
  2 centaurs
  A lemure (D:8)
  A big kobold (D:8)
  12 bullfrogs
  Dowan (D:6)
  2 scorpions
  5 killer bees (D:10)
  A howler monkey (D:4)
  2 electric eels (D:10)
  A bullfrog zombie (D:9)
  2 orc priests
  2 hounds
  2 jellies
  6 orc wizards
  3 centaur skeletons
  A gnoll shaman (D:7)
  Jessica (D:3)
  Natasha (thrice) (D:3)
  6 worker ants
  A bullfrog simulacrum (D:10)
  A hound zombie (D:10)
  A hound skeleton (D:9)
  Robin (D:2)
  12 gnolls
  A howler monkey skeleton (D:3)
  10 adders
  5 shadow imps
  10 white imps
  3 ufetubi
  An ooze (D:1)
  An adder zombie (D:5)
  3 adder skeletons
  A worm (D:2)
  2 dart slugs (D:1)
  8 leopard geckos
  28 orcs
  5 bats
  6 giant cockroaches
  10 goblins
  7 hobgoblins
  3 jackals (D:2)
  5 quokkas
  7 frilled lizards
  A giant cockroach zombie (D:3)
  17 kobolds
  10 rats
301 creatures vanquished.

Vanquished Creatures (collateral kills)
  4 hydras
  A cane toad (Lair:1)
  A komodo dragon (Lair:1)
  7 blink frogs
  4 yaks
  A basilisk (Lair:2)
  A water moccasin (Lair:1)
  An orc warrior (D:10)
  A black bear (D:8)
  An ice beast (D:7)
  2 bullfrogs
  4 orc priests (D:10)
  2 orc wizards (D:10)
  A bullfrog simulacrum (D:10)
  A howler monkey simulacrum (D:10)
  2 orcs (D:10)
34 creatures vanquished.

Vanquished Creatures (others)
  5 fungi
  11 plants
  2 withered plants (D:3)
18 creatures vanquished.

Grand Total: 353 creatures vanquished

Notes
Turn   | Place    | Note
-------+----------+-------------------------------------------
     0 | D:1      | night the Draconian Ice Elementalist began the quest for
                  | the Orb.
     0 | D:1      | Reached XP level 1. HP: 14/14 MP: 3/3
   321 | D:1      | Reached XP level 2. HP: 20/20 MP: 3/5
   785 | D:1      | Reached XP level 3. HP: 23/26 MP: 1/7
   789 | D:1      | Learned a level 3 spell: Frozen Ramparts
   793 | D:1      | Learned a level 3 spell: Ozocubu's Armour
   991 | D:2      | Found a blossoming altar of Fedhas.
  1185 | D:2      | Noticed Robin
  1211 | D:2      | Killed Robin
  1612 | D:2      | Found a shimmering altar of Xom.
  1804 | D:3      | Noticed Jessica
  1814 | D:2      | Reached XP level 4. HP: 28/33 MP: 8/8
  1823 | D:3      | Killed Jessica
  1824 | D:3      | Reached skill level 5 in Ice Magic
  2042 | D:3      | Reached XP level 5. HP: 34/38 MP: 6/10
  2079 | D:3      | Noticed Natasha
  2085 | D:3      | Killed Natasha
  2164 | D:3      | Noticed Natasha
  2170 | D:3      | Killed Natasha
  2183 | D:3      | Noticed Natasha
  2187 | D:3      | Killed Natasha
  2430 | D:3      | Found a radiant altar of Vehumet.
  2509 | D:3      | Reached XP level 6. HP: 39/45 MP: 12/12
  2660 | D:3      | Noticed Grinder
  2668 | D:3      | Paralysed by Grinder for 2 turns
  2676 | D:3      | Killed Grinder
  2677 | D:3      | Reached skill level 5 in Spellcasting
  2677 | D:3      | Reached skill level 6 in Ice Magic
  2972 | D:4      | Found a staircase to the Ecumenical Temple.
  2982 | Temple   | Entered the Ecumenical Temple
  3082 | Temple   | Became a worshipper of Sif Muna the Loreminder
  3130 | D:4      | Your scales start taking on an icy white colour.
  3130 | D:4      | Reached skill level 8 in Ice Magic
  3130 | D:4      | Reached XP level 7. HP: 37/50 MP: 10/14
  3130 | D:4      | Gained mutation: Your flesh is cold resistant. (rC+) [White
                  | Draconian growth]
  3135 | D:4      | Learned a level 4 spell: Summon Ice Beast
  3749 | D:4      | Reached * piety under Sif Muna
  3779 | D:4      | Reached skill level 9 in Ice Magic
  4146 | D:5      | Entered Level 5 of the Dungeon
  4352 | D:5      | Reached XP level 8. HP: 52/57 MP: 13/17
  5085 | D:6      | Found a runed translucent door.
  5085 | D:6      | Noticed Dracia's ghost (novice DsGl)
  5436 | D:6      | Reached skill level 10 in Ice Magic
  5775 | D:6      | Noticed Duvessa
  5775 | D:6      | Noticed Dowan
  5784 | D:6      | Killed Duvessa
  5785 | D:6      | Killed Dowan
  5861 | D:6      | Reached ** piety under Sif Muna
  5935 | D:6      | Found a runed translucent door.
  6562 | D:7      | Reached XP level 9. HP: 63/63 MP: 15/20
  6614 | D:7      | Reached skill level 1 in Fighting
  6617 | D:7      | Reached skill level 1 in Invocations
  6618 | D:7      | Reached skill level 11 in Ice Magic
  6843 | D:7      | Noticed Harold
  6858 | D:7      | Killed Harold
  7341 | D:7      | Found a shadowy altar of Dithmenos.
  7341 | D:7      | Found an ancient bone altar of Kikubaaqudgha.
  7722 | D:8      | Found a bloodstained altar of Trog.
  7792 | D:8      | Found a staircase to the Lair.
  7887 | D:8      | Noticed Pikel
  7895 | D:8      | Killed Pikel
  7896 | D:8      | Reached XP level 10. HP: 80/80 MP: 10/22
  8207 | D:9      | Found Ceugat's Weapon Emporium.
  8261 | D:9      | Found a sparkling altar of Nemelex Xobeh.
  8306 | D:9      | Found Usuje's Book Emporium.
  8368 | D:9      | Reached skill level 1 in Unarmed Combat
  8372 | D:9      | Reached *** piety under Sif Muna
  8554 | D:9      | Found Ured's Jewellery Shop.
  8800 | D:9      | Found a basalt altar of Yredelemnul.
  8860 | D:9      | Found Kepuset's Weapon Shop.
  8892 | D:9      | Found Uheax's Weapon Boutique.
  9437 | D:10     | Entered Level 10 of the Dungeon
  9464 | D:10     | Reached skill level 5 in Unarmed Combat
  9662 | D:10     | Noticed a two-headed ogre
  9677 | D:10     | Killed a two-headed ogre
 10788 | D:10     | Reached XP level 11. HP: 52/85 MP: 18/23
 11074 | D:10     | Found a portal to a secret trove of treasure.
 11110 | D:10     | Reached **** piety under Sif Muna
 11505 | Lair:1   | Entered Level 1 of the Lair of Beasts
 11520 | Lair:1   | Reached skill level 12 in Ice Magic
 11646 | Lair:1   | You fall into a shaft and drop 1 floor!
 11750 | Lair:2   | Noticed a seven-headed hydra
 11756 | Lair:2   | HP: 4/85 [seven-headed hydra (13)]
 11758 | Lair:2   | Killed a seven-headed hydra
 11759 | Lair:2   | Reached skill level 5 in Fighting
 13210 | Lair:2   | Got a fine whip
 13210 | Lair:2   | Identified the +6 whip of Tucosi {flame, rN+ Stlth+} (You
                  | found it on level 2 of the Lair of Beasts)
 13326 | Lair:2   | Noticed a five-headed hydra
 13331 | Lair:2   | Killed a five-headed hydra
 13949 | Lair:2   | Noticed a six-headed hydra
 13961 | Lair:2   | Killed a six-headed hydra
 14007 | Lair:2   | Got a heavily runed sapphire amulet
 14732 | Lair:3   | Noticed Sonja
 14937 | Lair:3   | Found a hide-covered altar of Uskayaw.
 15048 | Lair:3   | Noticed a four-headed hydra
 15056 | Lair:3   | Killed a four-headed hydra
 15057 | Lair:3   | Reached XP level 12. HP: 86/97 MP: 12/25
 15082 | Lair:3   | Killed Sonja
 15083 | Lair:3   | Reached skill level 10 in Unarmed Combat
 15133 | Lair:3   | Identified the amulet "Kamil" {RegenMP Str+6} (You found it
                  | on level 2 of the Lair of Beasts)
 15165 | Lair:3   | Noticed a four-headed hydra
 15175 | Lair:3   | Killed a four-headed hydra
 15176 | Lair:3   | Reached skill level 1 in Transmutations
 15176 | Lair:3   | Reached skill level 1 in Earth Magic
 15415 | Lair:3   | Learned a level 6 spell: Statue Form
 15770 | Lair:3   | Reached skill level 10 in Spellcasting
 16312 | Lair:4   | Reached ***** piety under Sif Muna
 16312 | Lair:4   | Identified Cutotewo's Grimoire of the Entourage and the
                  | Frostbite (Sif Muna gifted it to you on level 4 of the Lair
                  | of Beasts)
 16312 | Lair:4   | Received a gift from Sif Muna
 16443 | Lair:4   | Noticed an eight-headed hydra
 16452 | Lair:4   | Killed an eight-headed hydra
 16494 | Lair:4   | Found a gate leading to a gauntlet.
 16503 | Gauntlet | Entered a Gauntlet
 16503 | Gauntlet | Found a transporter.
 16503 | Gauntlet | Found a transporter.
 16503 | Gauntlet | Found a runed translucent gate.
 16504 | Gauntlet | Found a runed translucent gate.
 16515 | Gauntlet | Found a runed translucent gate.
 16521 | Gauntlet | Found a transporter.
 16522 | Gauntlet | Found a transporter.
 16537 | Gauntlet | Found a transporter.
 16549 | Gauntlet | Found a transporter.
 16549 | Gauntlet | Found a transporter.
 16554 | Gauntlet | Noticed a reaper
 16557 | Gauntlet | Found a transporter.
 16572 | Gauntlet | Noticed a dire elephant
 16573 | Gauntlet | Found a transporter.
 16587 | Gauntlet | Found a transporter.
 16591 | Gauntlet | Found a transporter.
 16602 | Gauntlet | Found a transporter.
 16676 | Gauntlet | Found a runed translucent door.
 16724 | Gauntlet | Got a faintly glowing steel ring
 16945 | Gauntlet | Got a bloodstained hat
 16946 | Gauntlet | Identified Nemat's Volume of Creative Ignition
 16968 | Gauntlet | Identified the ring of Biaff {*Drain Str+4 Dex+5 Slay+6
                  | Stlth+}
 16968 | Gauntlet | Noticed a minotaur
 16986 | Gauntlet | HP: 6/126 [minotaur/+0 great mace (13)]
 16989 | Gauntlet | Killed a minotaur
 17346 | Lair:4   | Found a staircase to the Shoals.
 17375 | Lair:4   | Reached skill level 5 in Transmutations
 17690 | Lair:4   | Reached skill level 5 in Earth Magic
 17711 | Lair:4   | Killed from afar by a rime drake

Illustrated notes

Levels and vault maps discovered:
D:1:      ncdulo_halloftheorcs, layout_basic
D:2:      layout_rooms, fedhas_altar_1, xom_teletrap_fun,
          chequers_hall_statues_corner_a, uniq_robin
D:3:      layout_loops_cross, lemuel_round_altar, serial_undead,
          serial_undead_f, serial_undead_c, serial_undead_f, serial_undead_c,
          uniq_jessica, uniq_natasha, uniq_grinder
D:4:      layout_cave_pools, minmay_temple_entry_slanted
D:5:      layout_basic
D:6:      layout_basic, gup_sewer_entry_bowl, ebering_ghost_sewer_f,
          serial_curves, eino_curves_01, eino_curves_04, uniq_duvessa
D:7:      layout_loops_ring, gammafunk_temple_overflow_wave,
          minmay_misc_feat_pillars, uniq_harold
D:8:      layout_gridville, trog_ov_bears_minmay, lair_entry_dummy, uniq_pikel
D:9:      layout_gridville, marbit_many_paths, old_standard_altar, serial_shops,
          nicolae_shop_stone, shop, nicolae_shop_crystal, nicolae_shop_stone,
          nicolae_shop_trees
D:10:     layout_basic, enter_trove_2, serial_ice, serial_ice_l, serial_ice_b,
          serial_ice_e, serial_ice_m, serial_ice_c, serial_ice_f, serial_ice_d,
          serial_ice_n, serial_ice_o, serial_ice_g
Temple:   jpeg_temple_clearing
Lair:1:   layout_hall_layers
Lair:2:   cheibrodos_lair_river_kwai, layout_cave_pods, serial_bayou_shore_b,
          grunt_megastairs_4
Lair:3:   layout_hall_layers, basic_altar, uniq_sonja
Lair:4:   layout_regular_city, elwin_shoals_entry_stream,
          spider_nest_entry_web_field, gauntlet_entry_generic,
          grunt_forest_small_clearings, lemuel_fruit_tree

Skill      XL: |  1  2  3  4  5  6  7  8  9 10 11 12 |
---------------+-------------------------------------+-----
Spellcasting   | 3 4 5 6 7 8 9 10 | 10.3
Ice Magic      | 5 8 9 10 11 12 | 12.9
Fighting       | 4 6 |  6.9
Invocations    | 4 |  4.5
Unarmed Combat | 8 9 10 | 10.0
Dodging        | 4 |  4.6
Transmutations | 5 |  5.0
Earth Magic    | 5 |  5.0
Stealth        | |  1.7

Action                   |  1- 3 |  4- 6 |  7- 9 | 10-12 || total
-------------------------+-------+-------+-------+-------++-------
Melee: Unarmed           |    38 |       |       |   270 ||   308
       Tailslap          |     6 |     7 |    28 |    41 ||    82
       Dagger            |     9 |    75 |   188 |    14 ||   286
       Mace              |       |       |    33 |     3 ||    36
       Punch             |       |       |       |    11 ||    11
Throw: Dart              |     3 |       |    11 |    14 ||    28
 Cast: Freeze            |    30 |     5 |    34 |    78 ||   147
       Frozen Ramparts   |     4 |    11 |    30 |    53 ||    98
       Ozocubu's Armour  |       |     1 |     7 |    32 ||    40
       Summon Ice Beast  |       |       |     8 |    65 ||    73
       Statue Form       |       |       |       |     2 ||     2
 Abil: Breathe Frost     |       |       |     5 |     7 ||    12
Evoke: Wand              |       |       |       |     8 ||     8
       Condenser vane    |       |       |       |     1 ||     1
  Use: Potion            |       |     4 |       |    10 ||    14
       Scroll            |       |       |       |    19 ||    19
 Stab: Sleeping          |       |     4 |     8 |     3 ||    15
Armor: Skin              |    26 |    18 |    85 |   135 ||   264
Dodge: Dodged            |    56 |    37 |   148 |   232 ||   473
